 Dungeon Crawl Stone Soup version 0.31-a0-237-g2d982f9f85 (webtiles) character file.

Game seed: 7146129056417086659

99 qw the Shooter (level 4, -1/36 HPs)
             Began as a Minotaur Hexslinger on July 11, 2023.
             Succumbed to a gnoll's poison
             ... on level 2 of the Dungeon.
             The game lasted 00:00:36 (1511 turns).

qw the Shooter (Minotaur Hexslinger)                Turns: 1511, Time: 00:00:37

Health: -1/36      AC:  4    Str: 11 (12) XL:     4   Next: 45%
Magic:  4/4        EV: 11    Int:  9 (10) God:
Gold:   90         SH:  0    Dex: 13 (15) Spells: 4/5 levels left

rFire   . . .        Y - +1 sling
rCold   . . .        (no shield)
rNeg    . . .        j - +0 leather armour
rPois   .            (helmet restricted)
rElec   .            e - +0 cloak
rCorr   .            (no gloves)
SInv    .            (no boots)
Will    .....        (no amulet)
Stlth   +            (no ring)
HPRegen 0.26/turn    (no ring)
MPRegen 0.09/turn

%: no passive effects
@: lethally poisoned (-1 -> -8)
A: horns 2, retaliatory headbutt
a: no special abilities


You were on level 2 of the Dungeon.
You visited 1 branch of the dungeon, and saw 2 of its levels.

You collected 90 gold pieces.


Innate Abilities, Weirdness & Mutations

You have a pair of horns on your head.
You reflexively headbutt those who attack you in melee.


   Skills:
 + Level 2.0 Fighting
 - Level 5.0 Ranged Weapons
 - Level 2.1 Dodging
 - Level 1.0 Spellcasting
 - Level 2.0 Hexes


You had 4 spell levels left.
You knew the following spells:

 Your Spells              Type           Power      Damage    Failure   Level
a - Slow                  Hex            16%        N/A       22%         1

Your spell library contained the following spells:

 Spells                   Type           Power      Damage    Failure   Level
 Inner Flame              Hex/Fire       2%         N/A       67%         3
 Portal Projectile        Hex/Tloc       4%         N/A       67%         3
 Cause Fear               Hex            2%         N/A       91%         4

Inventory:

Hand Weapons
 Y - a +1 sling (weapon)
Armour
 e - a +0 cloak (worn)
 j - a +0 leather armour (worn)
Jewellery
 a - a ring of ice
Scrolls
 b - 2 scrolls of identify
 c - a scroll of revelation {unknown}
Potions
 d - a potion of curing {unknown}
 f - a potion of brilliance {unknown}
 i - a potion of heal wounds {unknown}

Dungeon Overview and Level Annotations

Branches:
Dungeon (2/15)

Altars:


Message History

You shoot a sling bullet.
The sling bullet closely misses the gnoll.
The sling bullet hits the gnoll.
The gnoll is almost dead.
You shoot a sling bullet.
The sling bullet closely misses the gnoll.
The sling bullet hits the gnoll but does no damage.
The gnoll is almost dead.
The gnoll hits you with a +0 whip of venom.
You are poisoned.
You shoot a sling bullet.
The sling bullet hits the gnoll but does no damage.
The gnoll is severely wounded.
You feel very sick.
You shoot a sling bullet.
The sling bullet closely misses the gnoll.
The sling bullet barely misses the gnoll.
You feel sick.
The gnoll hits you with a +0 whip of venom.
You shoot a sling bullet. The sling bullet hits the gnoll.
You kill the gnoll!
You feel sick.
The gnoll hits you with a +0 whip of venom.
You are more poisoned.
The gnoll barely misses you. The gnoll hits you with a +0 club.
The gnoll hits you with a +0 whip of venom.
You feel your dexterity returning.
Your Ranged Weapons skill increases to level 5!
You shoot a sling bullet. The sling bullet hits the gnoll.
The gnoll is almost dead.
You feel very sick. The gnoll barely misses you. The gnoll closely misses you.
You shoot a sling bullet.
The sling bullet closely misses the gnoll.
You feel very sick.
The gnoll hits you with a +0 whip of venom.
The gnoll hits you with a +0 club.
You shoot a sling bullet. The sling bullet hits the gnoll.
You kill the gnoll!
You die...

........... #..
..########## #.# #.#
#.# #.# #.# #.# #.#
#.# #.# #.##########
##g## #...........
##)@)## #..########.
##.....###.....# #.
#.......###.##.# #.
#.......###.##.# #.
#..............# #.
##......###.#### #.
#.)...#.# #.# #.
#.##.##.###.#### #.
#.##.>.........#####.


You could see a gnoll.

Vanquished Creatures
  3 adders (D:2)
  2 gnolls (D:2)
  3 dart slugs
  2 ball pythons
  5 bats
  3 endoplasms
  2 giant cockroaches
  3 goblins (D:2)
  6 hobgoblins
  10 jackals (D:1)
  4 kobolds
  2 quokkas
  6 rats (D:1)
51 creatures vanquished.

Notes
Turn   | Place    | Note
-------+----------+-------------------------------------------
     0 | D:1      | qw the Minotaur Hexslinger began the quest for the Orb.
     0 | D:1      | Reached XP level 1. HP: 16/16 MP: 1/1
     0 | D:1      | 0 ||| qw: Version: 0.3-a-52-g30416fa
     0 | D:1      | 0 ||| qw: Game counter: 5769
     0 | D:1      | 0 ||| qw: Melee chars always use a shield: true
     0 | D:1      | 0 ||| qw: God list: Okawaru
     0 | D:1      | 0 ||| qw: Allow faded altars: false
     0 | D:1      | 0 ||| qw: Do Orc after clearing Dungeon:15 true
     0 | D:1      | 0 ||| qw: Do second Lair branch before Depths: true
     0 | D:1      | 0 ||| qw: Lair rune preference: random
     0 | D:1      | 0 ||| qw: Goals: Normal
     0 | D:1      | 0 ||| PLANNING D:1-11
   125 | D:1      | Reached skill level 3 in Ranged Weapons
   125 | D:1      | Reached XP level 2. HP: 23/23 MP: 2/2
   435 | D:1      | Reached XP level 3. HP: 29/29 MP: 3/3
  1019 | D:1      | 1019 ||| UPGRADING to +0 cloak.
  1024 | D:1      | 1024 ||| UPGRADING to +0 leather armour.
  1034 | D:1      | 1034 ||| DROPPING +0 robe.
  1035 | D:1      | 1035 ||| READING scroll labelled IDIHEG HOABIK.
  1036 | D:1      | 1036 ||| DRINKING 2 smoky green potions.
  1037 | D:1      | 1037 ||| DROPPING scroll of poison.
  1038 | D:1      | 1038 ||| DROPPING potion of degeneration.
  1131 | D:2      | Reached skill level 4 in Ranged Weapons
  1285 | D:2      | Reached XP level 4. HP: 36/36 MP: 4/4
  1509 | D:2      | Reached skill level 5 in Ranged Weapons
  1510 | D:2      | HP: 9/36 [poisoned by a gnoll]
  1510 | D:2      | HP: 2/36 [gnoll/+0 club (5)]
  1511 | D:2      | Succumbed to a gnoll's poison

Levels and vault maps discovered:
D:1:      saegor_arrival_miasma, layout_loops_corners,
          minmay_misc_feat_four_crosses, minmay_pentomino_v4
D:2:      layout_loops_ring

Skill      XL: |  1  2  3  4 |
---------------+-------------+-----
Ranged Weapons | 3 4 5 |  5.0
Fighting       | 2 |  2.0
Dodging        | |  2.1
Spellcasting   | |  1.0
Hexes          | |  2.0

Action                     |  1- 3 |  4- 6 || total
---------------------------+-------+-------++-------
   Fire: Sling             |   117 |    46 ||   163
    Use: Scroll            |     1 |       ||     1
         Potion            |     1 |       ||     1
 Armour: Robe              |     8 |       ||     8
         Leather armour    |     3 |     8 ||    11
  Dodge: Dodged            |    37 |    11 ||    48

Table legend:
 A = Non-vault XP
 B = Vault XP
 C = Vault XP percentage of total XP
 D = Non-vault monster count
 E = Vault monster count
 F = Vault count percentage of total count
                 A         B        C        D         E       F
            +---------+---------+-------+---------+---------+-------
      Total |     152 |       4 |   2.6 |      48 |       3 |   5.9
            +---------+---------+-------+---------+---------+-------
        D:1 |      52 |       4 |   7.1 |      28 |       3 |   9.7
        D:2 |     100 |       0 |   0.0 |      20 |       0 |   0.0
            +---------+---------+-------+---------+---------+-------
